cohdb
Replays
Latest Replays
All Replays
Popular Replays
Top Player Replays
Match Explorer
How It Works
Community
CoH3 Stats
Reddit
Sign in to upload your games and track your stats! →
Sign in with Steam
Match 45588658
Unlisted
Match 45588658
Overview
Messages
Build Orders
End
Selects Australian Defense Battlegroup
Selects Australian Light Infantry Section
Australian Light Infantry Section
Construct Section Command Post
Dingo Light Scout Car
Australian Light Infantry Section
Construct Platoon Command Post
Humber Armored Car
Selects CMP 15cwt Supply Run
CMP 15cwt Supply Run
Royal Engineer Section
Selects 2-pounder Anti-tank Gun Team
2-pounder Anti-tank Gun Team
Ashilrye
Raiden
帝国大机霸贝克尔少校
Dirkradix
[PBS] Sigizmund
墨书
娘希匹,优势在我!
gooood
0
0
Comments
sign in to comment!
No comments posted yet!